 Dungeon Crawl Stone Soup version 0.21-a0-426-g98080a9 (webtiles) character file.

840 karf the Gusty (level 7, -1/36 HPs)
             Began as a Deep Elf Air Elementalist on Nov 5, 2017.
             Killed from afar by Duvessa (3 damage)
             ... with a wand of flame (?/48)
             ... on level 5 of the Dungeon.
             The game lasted 00:14:37 (5380 turns).

karf the Gusty (Deep Elf Air Elementalist)          Turns: 5380, Time: 00:14:38

Health: -1/36      AC:  9    Str:  5    XL:     7   Next: 67%
Magic:  2/15       EV: 11    Int: 22    God:
Gold:   155        SH:  8    Dex: 18    Spells: 4/14 levels left

rFire    . . .     SeeInvis .   (no weapon)
rCold    . . .     Gourm    .   z - +2 shield
rNeg     . . .     Faith    .   a - +0 robe
rPois    .         Spirit   .   r - +0 helmet
rElec    .         Reflect  .   k - +2 cloak
rCorr    .         Harm     .   (no gloves)
MR       .....                  (no boots)
Stlth    ++........             (no amulet)
HPRegen  0.12/turn              j - +3 ring of dexterity
MPRegen  0.14/turn              n - +3 ring of protection

@: very slightly contaminated
A: no striking features
a: no special abilities


You were on level 5 of the Dungeon.
You were not hungry.

You visited 2 branches of the dungeon, and saw 6 of its levels.

You collected 155 gold pieces.

Inventory:

Armour
 a - a +0 robe (worn)
 k - a +2 cloak (worn)
 r - a +0 helmet (worn)
 z - a +2 shield (worn)
Jewellery
 j - a +3 ring of dexterity (left hand)
 n - a +3 ring of protection (right hand)
Wands
 p - a wand of flame (30/48)
Scrolls
 d - 2 scrolls of remove curse
 e - 2 scrolls of noise
 f - a scroll of teleportation
 i - 6 scrolls of identify
 v - a scroll of blinking
 w - a scroll of recharging {unknown}
 x - 2 scrolls of immolation {unknown}
 y - a scroll of amnesia {unknown}
 A - a scroll of enchant armour {unknown}
Potions
 g - 2 potions of lignification {unknown}
 l - a potion of invisibility {unknown}
 m - a potion of brilliance
 o - a potion of flight {unknown}
 q - a potion of might {unknown}
 s - a potion of heal wounds {unknown}
 t - a potion of agility {unknown}
Books
 b - a book of Air

   Spells                             Type                      Level
   a - Shock                          Conjuration/Air              1
   b - Swiftness                      Charms/Air                   2
   c - Static Discharge               Conjuration/Air              3
   d - Airstrike                      Air                          4
   e - Lightning Bolt                 Conjuration/Air              5
 u - a book of Necromancy

   Spells                             Type                      Level
   a - Pain                           Necromancy                   1
   b - Animate Skeleton               Necromancy                   1
   c - Vampiric Draining              Necromancy                   3
   d - Regeneration                   Charms/Necromancy            3
   e - Animate Dead                   Necromancy                   4
   f - Control Undead                 Necromancy                   4
Comestibles
 c - 2 bread rations
 h - 2 meat rations


   Skills:
 - Level 3.0 Dodging
 - Level 3.0 Stealth
 - Level 4.1 Spellcasting
 + Level 5.1 Conjurations
 * Level 7.3 Air Magic


You had 4 spell levels left.
You knew the following spells:

 Your Spells              Type           Power        Failure   Level  Hunger
a - Shock                 Conj/Air       ####         6%          1    None
b - Airstrike             Air            #####.....   36%         4    ####...
c - Lightning Bolt        Conj/Air       ####......   86%         5    ######.


Dungeon Overview and Level Annotations

Branches:
Dungeon (5/15)             Temple (1/1) D:4

Altars:
Ashenzari
Cheibriados
Dithmenos
Fedhas
Gozag
Kikubaaqudgha
Makhleb
Nemelex Xobeh
Qazlal
Ru
Sif Muna
Trog
Uskayaw
Wu Jian
Xom
Yredelemnul
Zin

Annotations:
D:5 Dowan, Duvessa


Message History

Confirm with . or Enter, or press ? or * to list all spells.
You don't have enough magic to cast that spell.
Duvessa hits you with a short sword of protection.
The worker ant zombie waves its antennae.
You block Duvessa's attack.
Duvessa says, "When magic and the sword combine, nothing stands against them."
Dowan points at you and mumbles some strange words.
The puff of flame hits you!
* * * LOW HITPOINT WARNING * * *
You block Duvessa's attack. Dowan casts a spell at you.
The puff of flame hits you!
* * * LOW HITPOINT WARNING * * *
Duvessa zaps a wand.
The puff of flame hits you!
* * * LOW HITPOINT WARNING * * *
Duvessa gestures with her weapon.
You block Duvessa's attack.
The worker ant zombie waves its antennae.
Duvessa zaps a wand.
The puff of flame hits you!
You die...

#..............# #........
#.......#......# .....#........
###.....#......# .....#........
####.....#......###..............
#......#.+......+................
#......###......#................
#...............#................
#...............#...............#
#...............@................
#...............e............†...
#.............Z.).........##.....
#................................
######............#..............
#......†....##.##...........
#...........##.##.........##
#...e.......##.##.........#
#...........##.##.........#


You could see Duvessa, Dowan and a worker ant zombie.

Vanquished Creatures
  Menkaure (D:4)
  A sky beast (D:5)
  A centaur (D:5)
  A phantom (D:5)
  A hound (D:5)
  An orc priest (D:4)
  4 orc wizards
  2 bullfrog skeletons (D:5)
  Terence (D:3)
  A worker ant (D:4)
  3 gnolls (D:3)
  5 adders
  An ooze (D:1)
  An adder skeleton (D:5)
  3 worms
  A dart slug (D:2)
  A leopard gecko (D:2)
  16 orcs
  2 ball pythons
  4 giant cockroaches
  5 goblins
  6 hobgoblins
  7 jackals
  8 kobolds
  3 quokkas
  A ball python skeleton (D:4)
  8 bats
  2 frilled lizards
  A jackal zombie (D:3)
  A quokka skeleton (D:4)
  5 rats
  A rat zombie (D:4)
99 creatures vanquished.

Notes
Turn   | Place    | Note
-------+----------+-------------------------------------------
     0 | D:1      | karf the Deep Elf Air Elementalist began the quest for the Orb.
     0 | D:1      | Reached XP level 1. HP: 10/10 MP: 6/6
   211 | D:1      | Reached XP level 2. HP: 15/15 MP: 5/8
  1004 | D:2      | Found a blossoming altar of Fedhas.
  1005 | D:2      | Reached XP level 3. HP: 19/19 MP: 7/9
  1007 | D:2      | Found a glowing silver altar of Zin.
  1835 | D:3      | Reached XP level 4. HP: 17/24 MP: 3/11
  1871 | D:3      | HP: 1/24 [something/puff of flame (7)]
  1882 | D:3      | Reached skill level 4 in Air Magic
  2539 | D:3      | Noticed Terence
  2548 | D:3      | Killed Terence
  2548 | D:3      | Reached XP level 5. HP: 23/28 MP: 4/13
  2970 | D:3      | Learned a level 4 spell: Airstrike
  2976 | D:3      | Learned a level 5 spell: Lightning Bolt
  3382 | D:4      | Noticed Menkaure
  3389 | D:4      | Killed Menkaure
  3389 | D:4      | Reached skill level 5 in Air Magic
  3389 | D:4      | Reached XP level 6. HP: 27/32 MP: 6/14
  3430 | D:4      | Found a shattered altar of Ashenzari.
  3670 | D:4      | Reached skill level 6 in Air Magic
  3921 | D:4      | Found a staircase to the Ecumenical Temple.
  4017 | D:4      | Found a shadowy altar of Dithmenos.
  4038 | Temple   | Entered the Ecumenical Temple
  4433 | D:5      | Entered Level 5 of the Dungeon
  4447 | D:5      | Reached XP level 7. HP: 36/36 MP: 4/15
  4719 | D:5      | Reached skill level 5 in Conjurations
  4719 | D:5      | Reached skill level 7 in Air Magic
  4955 | D:5      | Found a sacrificial altar of Ru.
  5015 | D:5      | Found a bloodstained altar of Trog.
  5015 | D:5      | Found a deep blue altar of Sif Muna.
  5354 | D:5      | Noticed Duvessa
  5356 | D:5      | Noticed Dowan
  5376 | D:5      | HP: 1/36 [Duvessa/wand of flame (?/48) (4)]
  5380 | D:5      | Killed from afar by Duvessa

Vault maps used:
D:1:      minmay_arrival_four_loops, grunt_decor_resistance,
          corexii_leaking_fountain
D:2:      grunt_temple_overflow_open
D:3:      mumra_celtic_spiral_tile, uniq_terence
D:4:      overflow_temple_1_default, nicolae_overflow_hidden_temple,
          minmay_temple_entry_overgrown, enter_ossuary_3, uniq_menkaure
D:5:      gammafunk_temple_overflow_wave, kennysheep_mini_moat, first_bread,
          hangedman_minor_gate_pass, uniq_duvessa
Temple:   zaba_magenta_temple

Skill      XL: |  1  2  3  4  5  6  7 |
---------------+----------------------+-----
Stealth        | 3 |  3.0
Dodging        | 3 |  3.0
Conjurations   | 2 3 4 5 |  5.1
Spellcasting   | 4 |  4.1
Air Magic      | 4 5 6 7 |  7.3

Action                   |  1- 3 |  4- 6 |  7- 9 || total
-------------------------+-------+-------+-------++-------
Melee: Unarmed           |     1 |     7 |       ||     8
 Cast: Shock             |    81 |   151 |    50 ||   282
       Airstrike         |       |       |     6 ||     6
  Use: Scroll            |       |     7 |       ||     7
  Eat: Chunk             |     2 |     3 |       ||     5
       Meat ration       |       |     1 |     1 ||     2
Armor: Robe              |     3 |     9 |     5 ||    17
Dodge: Dodged            |     9 |    20 |    22 ||    51
Block: Shield            |       |       |    10 ||    10

Table legend:
 A = Spawn XP
 B = Non-spawn XP
 C = Spawn XP percentage of total XP
 D = Spawn monster count
 E = Non-spawn monster count
 F = Spawn count percentage of total count
 G = Total turns spent on level
                    A         B        C        D         E        F      G
               +---------+---------+-------+---------+---------+-------+---------
         Total |       0 |    1201 |   0.0 |       0 |      99 |   0.0 |  5380
               +---------+---------+-------+---------+---------+-------+---------
           D:1 |       0 |      31 |   0.0 |       0 |      15 |   0.0 |   804
           D:2 |       0 |      46 |   0.0 |       0 |      19 |   0.0 |  1174
           D:3 |       0 |     223 |   0.0 |       0 |      23 |   0.0 |  1323
           D:4 |       0 |     389 |   0.0 |       0 |      30 |   0.0 |  1037
           D:5 |       0 |     512 |   0.0 |       0 |      12 |   0.0 |   947
               +---------+---------+-------+---------+---------+-------+---------
